[Event "Turkish Club Cup 2019"]
[Site "Konya"]
[Date "2019.07.17"]
[Round "2"]
[White "Caputcuoglu, Zeki Berke"]
[Black "Malgac, Omer Beyazit"]
[Result "1-0"]
[ECO "D33"]
[WhiteElo "2010"]
[BlackElo "1477"]
[Annotator "NA"]
[PlyCount "117"]
[EventDate "2019.07.16"]
[EventType "team-tourn"]
[EventCountry "TUR"]
[SourceTitle "playchess.com"]
[Source "ChessBase"]
[SourceQuality "1"]
[TimeControl "5400+30"]

1. Nf3 Nf6 2. d4 d5 3. c4 e6 4. Nc3 c5 5. cxd5 exd5 6. g3 Nc6 7. Bg2 Bg4 8. Bg5 Bxf3 {[%emt 0:05:30] D33: Tarrasch Defence: 6 g3 sidelines} 9. Bxf3 cxd4 (9... Nxd4 10. Bxd5 Be7 11. Bxf6 Bxf6 12. O-O O-O 13. e3 Ne6 14. Qb3 Qe7 15. Bg2 Bxc3 16. bxc3 {½-½ (37) Lupulescu,C (2617)-Bezold,M (2525) Germany 2011}) 10. Nxd5 Qa5+ 11. Bd2 Qd8 12. Nxf6+ Qxf6 13. Qb3 Qe7 14. Rc1 $146 ({Predecessor:} 14. O-O) 14... Rc8 15. O-O g6 16. e3 Bg7 17. exd4 O-O 18. Bxc6 bxc6 19. Bb4 Qb7 20. Bxf8 {[%emt 0:00:00] Discovered Attack} Qxb3 21. axb3 Kxf8 22. Rfd1 Ke7 23. b4 Rb8 24. Rxc6 Rxb4 25. d5 (25. Rc7+ $142 Kf8 26. d5) 25... Kd7 26. Ra6 Rb7 27. d6 Be5 28. Rc1 Bd4 29. Rc7+ Rxc7 30. dxc7 Kxc7 31. b3 Bb6 32. Kg2 Kc6 33. Ra4 Kd5 34. g4 g5 35. Kf3 f6 36. Ke2 Ke5 37. Rb4 Kd5 38. f3 Ke5 39. Kd3 Kd5 40. Rb5+ Ke6 41. Ke4 h6 42. Rb4 $18 h5 43. gxh5 f5+ 44. Kd3 Kf6 45. Rc4 f4 46. Rc6+ Kf7 47. Ke4 Bd8 48. Kf5 Kg7 49. Rg6+ Kh7 50. Rxg5 Kh6 51. Rg8 Bc7 52. Rh8+ Kg7 53. Ra8 Bb6 54. Kxf4 Bc7+ 55. Kg5 Bxh2 56. Rxa7+ Kh8 57. Kg6 Bb8 58. Ra8 Kg8 59. Rxb8# 1-0

[Event "Turkish Club Cup 2019"]
[Site "Konya"]
[Date "2019.07.17"]
[Round "2"]
[White "Yasin, Hur"]
[Black "Memis, Furkan"]
[Result "0-1"]
[ECO "D00"]
[WhiteElo "1953"]
[BlackElo "1691"]
[Annotator "NA"]
[PlyCount "115"]
[EventDate "2019.07.16"]
[EventType "team-tourn"]
[EventCountry "TUR"]
[SourceTitle "playchess.com"]
[Source "ChessBase"]
[SourceQuality "1"]
[TimeControl "5400+30"]

1. d4 Nf6 2. Nc3 d5 3. Bf4 a6 4. f3 (4. e3 b5 5. Nf3 Bb7 6. Bd3 e6 7. Ne2 Nbd7 8. O-O Ne4 9. Ng3 g5 10. Be5 Rg8 11. Bxe4 dxe4 {0-1 (44) Alekseenko,K (2638)-Kovalev,V (2683) St Petersburg 2018}) 4... Bf5 5. g4 Bg6 6. h4 {[%emt 0:00:30] D00: 1 d4 d5: Unusual lines} h5 $146 ({Predecessor:} 6... h6 7. e3 e6 8. h5 Bh7 9. Bd3 Bxd3 10. Qxd3 c5 11. Nge2 {1-0 (52) Vieira,A (1859)-Seccafim,C (1528) Sao Paulo 2017}) 7. g5 Ng8 8. e4 c6 9. Qd2 e6 10. a3 Bd6 11. Nge2 Qc7 12. O-O-O Nd7 13. Bxd6 Qxd6 14. Nf4 Ne7 15. Bd3 dxe4 16. Bxe4 Bf5 17. Bxf5 exf5 18. Rhe1 O-O-O 19. Nce2 Nb6 20. Qd3 g6 21. c4 c5 $14 22. d5 Nd7 23. Qc3 Rhe8 24. Rd3 Kb8 25. Ng2 Nc8 26. Nef4 Rxe1+ 27. Qxe1 Ne5 28. Rc3 Nb6 29. b3 Nbd7 30. Re3 Ka7 31. Kc2 Re8 32. Qe2 Rc8 33. Nd3 Nxd3 34. Kxd3 b5 35. Re7 Rc7 36. Kc3 bxc4 37. bxc4 Rb7 38. Ne1 Qb6 39. Qa2 Qd8 40. Re2 Qa5+ 41. Kd3 Qa4 42. Kc3 Qa5+ 43. Kd3 Nb6 44. Ng2 Na4 45. Rc2 Qc7 46. f4 Qb8 47. Ke2 Nc3+ 48. Rxc3 Rb2+ 49. Rc2 Rxa2 50. Rxa2 Qb3 51. Rd2 Qxc4+ 52. Kf2 Qc3 53. Ke2 Kb7 54. d6 Kc8 55. d7+ Kd8 56. Ne3 c4 57. Nc2 Qg3 58. Nb4 0-1

[Event "Turkish Club Cup 2019"]
[Site "Konya"]
[Date "2019.07.17"]
[Round "2"]
[White "Salman, Ilhan Serhat"]
[Black "Sarikas, Ertan"]
[Result "1/2-1/2"]
[ECO "D01"]
[WhiteElo "1950"]
[BlackElo "1612"]
[Annotator "NA"]
[PlyCount "128"]
[EventDate "2019.07.16"]
[EventType "team-tourn"]
[EventCountry "TUR"]
[SourceTitle "playchess.com"]
[Source "ChessBase"]
[SourceQuality "1"]
[TimeControl "5400+30"]

1. d4 d5 2. Bg5 c5 3. Nc3 Nf6 4. e3 e6 5. Nf3 cxd4 (5... Nc6 6. a3 h6 7. Bh4 Be7 8. dxc5 Bxc5 9. Bd3 O-O 10. O-O Be7 11. Re1 b6 12. Qe2 Bb7 {0-1 (54) Rapport,R (2707)-Andriasian,Z (2585) Riadh 2017}) 6. Qxd4 {[%emt 0:01:30] D01: Veresov Opening} Be7 7. Bb5+ $146 ({Predecessor:} 7. Bxf6 Bxf6 8. Qb4 Nc6 9. Bb5 Bd7 10. Bxc6 Bxc6 11. Nb5 Be7 12. Qb3 O-O {0-1 (39) Cisneros,F-Lamban,C San Jose 1997}) 7... Bd7 8. Bxd7+ Nbxd7 9. O-O O-O 10. Rad1 Qc7 11. Rfe1 Rfd8 12. Nd2 Nf8 13. Bf4 Qc5 14. Qd3 a6 15. Nb3 Qa7 16. Ne2 Rac8 17. h3 Ng6 18. c3 Nxf4 19. exf4 Ne4 20. Ned4 Qb8 21. f3 Nc5 22. Qe3 Nxb3 23. Nxb3 Bh4 24. Re2 Bg3 25. Rd4 Rc4 26. f5 exf5 27. Rxd5 Rcc8 28. Rxd8+ Rxd8 29. Nd4 h6 30. Qe7 Bd6 31. Qh4 Bc5 32. Kh1 Bxd4 33. cxd4 Qd6 34. Rd2 Rc8 35. Qe1 Rc4 36. d5 Rc5 37. Qd1 b5 38. Qb3 Rc1+ 39. Rd1 Rxd1+ 40. Qxd1 Kf8 41. Qd4 g6 42. b4 Ke8 43. Kg1 Kd7 44. Kf2 h5 45. f4 Kd8 46. Ke3 Qe7+ 47. Kd2 Qe4 48. Qb6+ Kd7 49. Qc6+ Kd8 50. Qd6+ Ke8 51. Qb8+ Kd7 52. Qb7+ Kd8 53. Qa8+ Kd7 $11 54. Qa7+ Kd8 55. Qb8+ Kd7 56. Qb7+ Kd8 57. Qb6+ Kd7 58. Qc6+ Kd8 59. Qd6+ Ke8 60. Qb8+ Kd7 61. Qb7+ Kd8 62. Qb6+ Kd7 63. Qc6+ Kd8 64. Qf6+ Ke8 1/2-1/2

[Event "Turkish Club Cup 2019"]
[Site "Konya"]
[Date "2019.07.17"]
[Round "2"]
[White "Sayin, Atakan"]
[Black "Tugmen, Alperen"]
[Result "1/2-1/2"]
[ECO "B00"]
[WhiteElo "1925"]
[BlackElo "1410"]
[Annotator "NA"]
[PlyCount "131"]
[EventDate "2019.07.16"]
[EventType "team-tourn"]
[EventCountry "TUR"]
[SourceTitle "playchess.com"]
[Source "ChessBase"]
[SourceQuality "1"]
[TimeControl "5400+30"]

1. e4 e6 2. d4 b6 3. a3 Bb7 4. Nc3 d6 5. Bd3 Nd7 6. Nf3 g6 7. O-O Bg7 8. Bg5 Ne7 9. Qd2 h6 10. Be3 g5 11. h3 a6 12. Nh2 c5 13. dxc5 Nxc5 14. f4 $11 gxf4 15. Bxc5 bxc5 16. Qxf4 Rf8 17. Ng4 Ng6 18. Qf3 Qe7 19. Qe2 Ne5 20. Ne3 Qg5 21. Rae1 Nxd3 22. Qxd3 Bd4 23. Kh1 Qg6 24. Nf5 Kd7 25. Nxd4 cxd4 26. Qxd4 Rac8 27. Rd1 Rc6 28. Qf6 Qxf6 29. Rxf6 Rb6 30. e5 Ke7 31. Rxh6 dxe5 32. b4 Rc6 33. Ne4 Rxc2 34. Nc5 Bxg2+ 35. Kg1 Bc6 36. Rh4 Rg8+ 37. Rg4 Rxg4+ 38. hxg4 Rg2+ 39. Kf1 Rxg4 40. Nd3 Bb5 41. Kf2 Rd4 42. Nb2 Rxd1 43. Nxd1 Kd6 44. Nc3 f5 45. Kf3 e4+ 46. Kf4 e5+ 47. Kxf5 e3 48. Ne4+ Kd5 49. Ng5 e2 50. Nf3 e4 51. Ne1 Kd4 52. Kf4 Bd3 53. a4 Kc4 54. b5 axb5 55. axb5 Kxb5 56. Ke3 Kc4 57. Kd2 Kd4 58. Ng2 Kc4 59. Nf4 Kd4 60. Nxe2+ Bxe2 61. Kxe2 e3 62. Ke1 Kc3 63. Ke2 Kd4 64. Ke1 Ke4 65. Ke2 Kf4 66. Ke1 1/2-1/2

[Event "Turkish Club Cup 2019"]
[Site "Konya"]
[Date "2019.07.17"]
[Round "2"]
[White "Sahin, Senol"]
[Black "Ozdover, Mustafa Berkay"]
[Result "0-1"]
[ECO "B11"]
[WhiteElo "1922"]
[BlackElo "2130"]
[Annotator "ChessBase"]
[PlyCount "84"]
[EventDate "2019.07.16"]
[EventType "team-tourn"]
[EventCountry "TUR"]
[SourceTitle "playchess.com"]
[Source "ChessBase"]
[SourceQuality "1"]
[TimeControl "5400+30"]

1. e4 c6 2. Nc3 d5 3. Nf3 Bg4 4. h3 Bxf3 5. Qxf3 e6 6. d4 dxe4 7. Nxe4 Qxd4 8. Bd3 Nd7 9. Be3 Qb4+ 10. Bd2 Ne5 11. Qg3 Nxd3+ 12. cxd3 Qe7 13. O-O Nf6 14. Rfe1 Nd5 15. b4 Qc7 16. f4 g6 17. Qf2 Bg7 18. Rac1 O-O 19. Kh1 Rad8 20. g4 Nf6 21. g5 Nh5 22. b5 Rxd3 23. bxc6 bxc6 24. Be3 a5 25. Qc2 Rfd8 26. Qxc6 Qb8 27. Nc5 R3d6 28. Qb7 Rd5 29. Qxb8 Rxb8 30. Rb1 Rc8 31. Rec1 Bd4 32. Bxd4 Rxd4 33. Nb3 Rxc1+ 34. Rxc1 Rxf4 35. Rc8+ Kg7 36. Ra8 a4 37. Nc5 Rc4 38. Rc8 Rc1+ 39. Kg2 Rc2+ 40. Kf3 Rxa2 41. Ne4 Ra3+ 42. Kg2 Re3 0-1

[Event "Turkish Club Cup 2019"]
[Site "Konya"]
[Date "2019.07.17"]
[Round "2"]
[White "Demirbas, Emre"]
[Black "Senyuz, Mustafa Zorbey"]
[Result "0-1"]
[ECO "E60"]
[WhiteElo "1913"]
[BlackElo "1754"]
[Annotator "NA"]
[PlyCount "68"]
[EventDate "2019.07.16"]
[EventType "team-tourn"]
[EventCountry "TUR"]
[SourceTitle "playchess.com"]
[Source "ChessBase"]
[SourceQuality "1"]
[TimeControl "5400+30"]

1. Nf3 Nf6 2. c4 g6 3. b3 Bg7 4. Bb2 O-O 5. g3 d6 6. d4 c6 7. Bg2 Nbd7 8. O-O Qc7 9. Nc3 e5 10. e4 Re8 {[%emt 0:04:00] E60: King's Indian: Unusual lines and Fianchetto Variation without Nc3} 11. Re1 (11. h3 b6 12. d5 cxd5 13. cxd5 Ba6 14. Re1 Nc5 15. Bf1 Bxf1 16. Kxf1 Rec8 17. Kg2 a6 18. Qe2 {1-0 (57) Skoberne,J (2563)-Onischuk,V (2632) Batumi 2018}) 11... Nf8 12. h3 a6 13. Qd2 Bd7 14. Rad1 Rad8 15. Qc1 Bc8 $146 ({Predecessor:} 15... h6 16. Ba3 Bc8 17. Re2 g5 18. Red2 exd4 19. Nxd4 {1-0 (29) Vlckova,K (1853)-Macura,E (2008) Kouty nad Desnou 2013}) 16. Qa1 N6d7 17. b4 exd4 18. Nxd4 Ne5 19. Bf1 Ne6 20. Kg2 Qd7 $19 21. Nce2 Nxd4 22. Nxd4 Qxh3+ 23. Kg1 Qh5 24. f4 c5 25. fxe5 cxd4 26. Bxd4 dxe5 27. Bb6 Rxd1 28. Qxd1 Qg5 29. Qf3 Qd2 30. Rd1 Qxb4 31. c5 Be6 32. a3 Qa4 33. Bc7 h5 34. Qe3 Qxd1 0-1

[Event "Turkish Club Cup 2019"]
[Site "Konya"]
[Date "2019.07.17"]
[Round "2"]
[White "Guder, Eyup Sabri"]
[Black "Dinler, Oral"]
[Result "1-0"]
[ECO "A80"]
[WhiteElo "1909"]
[BlackElo "1644"]
[Annotator "NA"]
[PlyCount "99"]
[EventDate "2019.07.16"]
[EventType "team-tourn"]
[EventCountry "TUR"]
[SourceTitle "playchess.com"]
[Source "ChessBase"]
[SourceQuality "1"]
[TimeControl "5400+30"]

1. d4 f5 2. Bg5 h6 3. Bh4 g5 4. e3 Nf6 5. Bg3 Bg7 6. h4 g4 {[%emt 0:05:30] A80: Dutch Defence: Unusual White second moves} 7. h5 O-O (7... d6 8. Ne2 Be6 9. Nf4 Bf7 10. Bb5+ c6 11. Bd3 Qd7 12. Nc3 Na6 13. a3 Nc7 14. Qe2 {1-0 (59) Predke,A (2604)-Potapov,P (2515) Khanty-Mansiysk 2018}) 8. Nc3 d6 9. Nge2 Be6 10. Nf4 Bf7 11. Qd2 $146 ({Predecessor:} 11. Bd3 e6 12. e4 Re8 13. exf5 exf5+ 14. Nce2 {1-0 (34) Antonsen,M (2475)-Haubro,M (2369) Gothenburg 2015}) 11... a6 12. O-O-O b5 13. f3 Nbd7 14. Bd3 e6 15. e4 e5 16. dxe5 dxe5 17. Ng6 Bxg6 ({Avoid the trap} 17... Nxh5 $2 18. Bh4 $18) 18. hxg6 f4 19. Bh4 g3 $16 20. Nd5 c6 21. Nxf6+ Nxf6 22. Be2 Qe8 23. Qd6 Ra7 24. Qc5 Rd7 25. Rxd7 Qxd7 26. Rd1 Qe6 27. b3 Nd7 28. Qe7 Qxg6 29. Rxd7 Re8 30. Qxe8+ Qxe8 31. Rd8 Kf7 32. Rxe8 Kxe8 33. Kd2 Kd7 34. c4 b4 35. c5 a5 36. Bc4 Bh8 37. Bf7 Bg7 38. Kc2 Bh8 39. Kb2 Bg7 40. a3 bxa3+ 41. Kxa3 Bf8 42. b4 axb4+ 43. Kxb4 Bg7 44. Ka5 Kc7 45. Ka6 Bh8 46. Be6 Bg7 47. Be7 Bh8 48. Bd6+ Kd8 49. Kb7 Bg7 50. Kxc6 1-0

[Event "Turkish Club Cup 2019"]
[Site "Konya"]
[Date "2019.07.17"]
[Round "2"]
[White "Taskiran, Recep"]
[Black "Mecit, Emre"]
[Result "0-1"]
[ECO "E65"]
[WhiteElo "1898"]
[BlackElo "2065"]
[Annotator "NA"]
[PlyCount "86"]
[EventDate "2019.07.16"]
[EventType "team-tourn"]
[EventCountry "TUR"]
[SourceTitle "playchess.com"]
[Source "ChessBase"]
[SourceQuality "1"]
[TimeControl "5400+30"]

1. Nf3 Nf6 2. c4 g6 3. g3 Bg7 4. Bg2 O-O 5. O-O c5 6. Nc3 Nc6 7. e3 a6 8. d4 d6 9. h3 Rb8 10. Qe2 {[%emt 0:06:30] E65: King's Indian: Fianchetto: 6...c5 7 0-0 without d5 by White} b5 (10... Nd7 11. Rd1 b5 12. dxc5 Nxc5 13. cxb5 axb5 14. Nd4 Nxd4 15. exd4 Ne6 16. Be3 b4 17. Nd5 Nc7 18. Nxc7 Qxc7 {1-0 (42) Obona,J (2166)-Certek,P (2267) Tatranske Zruby 2014}) 11. Rd1 Qb6 12. Nd5 Nxd5 13. cxd5 Na5 14. dxc5 $146 ({Predecessor:} 14. b3 Bd7 15. Bb2 c4 16. b4 Nb7 17. Bc3 a5 {1-0 (44) Karner,H-Reviakin,V Kalinkovici 1967}) 14... dxc5 15. e4 Bb7 16. Bf4 Rbc8 17. Be5 (17. Rac1 $16) 17... Rfd8 18. h4 f6 19. Bf4 e5 20. Bd2 Nc4 21. Be1 Nd6 22. a4 b4 23. a5 Qb5 $11 24. Qe3 Bf8 25. b3 Qe8 26. Nd2 Rc7 27. Bf1 f5 28. Bc4 Kh8 29. Qe2 Ra8 30. exf5 Nxf5 31. Nf3 Bg7 32. Ng5 Nd4 33. Qf1 Rd8 34. Ra2 h6 35. Ne4 Rxd5 36. Kh2 Nf3+ 37. Kg2 Rxd1 38. Kxf3 Rd4 39. Bd3 Qd7 40. Ke3 Rxe4+ 41. Bxe4 Qd4+ 42. Ke2 Qxe4+ 43. Kd1 Qb1+ 0-1

[Event "Turkish Club Cup 2019"]
[Site "Konya"]
[Date "2019.07.17"]
[Round "2"]
[White "Oluc, Hakan"]
[Black "Oz, Ozan"]
[Result "1-0"]
[ECO "A11"]
[WhiteElo "1881"]
[BlackElo "1923"]
[Annotator "NA"]
[PlyCount "97"]
[EventDate "2019.07.16"]
[EventType "team-tourn"]
[EventCountry "TUR"]
[SourceTitle "playchess.com"]
[Source "ChessBase"]
[SourceQuality "1"]
[TimeControl "5400+30"]

1. c4 c6 2. g3 d5 3. Nf3 Nf6 4. Bg2 Bf5 5. cxd5 cxd5 6. Qb3 Nc6 7. Qxb7 Bd7 8. Qb3 e5 9. O-O Rb8 10. Qd1 e4 11. Ne1 Bc5 12. d3 Qe7 13. dxe4 dxe4 14. Nc3 e3 15. fxe3 O-O 16. Rxf6 gxf6 17. Nd5 $18 Qd6 18. Nd3 Bb6 19. Bd2 Rfe8 20. Qf1 Bd8 21. Bc3 Rb5 22. N3f4 Ne5 23. Rd1 Bc6 24. a4 Rb8 25. Nh5 Bxd5 26. Bxd5 Qe7 27. Qf4 Rb6 28. a5 Ra6 29. e4 Ng6 30. Qf5 Bxa5 31. Nxf6+ Rxf6 32. Bxf6 Qc7 33. Kh1 Bb6 34. Bc3 Qe7 35. Rf1 Rf8 36. Qh5 Bc7 37. Bf6 Qd6 38. Qh6 Qxf6 39. Rxf6 Be5 40. Rxg6+ hxg6 41. Qxg6+ Bg7 42. h4 a5 43. h5 Kh8 44. Bxf7 a4 45. e5 a3 46. bxa3 Rd8 47. Bb3 Rc8 48. Bc2 Kg8 49. Qe6+ 1-0

[Event "Turkish Club Cup 2019"]
[Site "Konya"]
[Date "2019.07.17"]
[Round "2"]
[White "Gulenc, Ahmet Fazil"]
[Black "Guner, Bulent"]
[Result "1/2-1/2"]
[ECO "A57"]
[WhiteElo "1880"]
[BlackElo "1979"]
[Annotator "NA"]
[PlyCount "143"]
[EventDate "2019.07.16"]
[EventType "team-tourn"]
[EventCountry "TUR"]
[SourceTitle "playchess.com"]
[Source "ChessBase"]
[SourceQuality "1"]
[TimeControl "5400+30"]

1. d4 Nf6 2. c4 c5 3. d5 b5 4. cxb5 a6 5. e3 axb5 6. Bxb5 Qa5+ 7. Nc3 Bb7 8. Bd2 Qb6 9. Bc4 e6 10. dxe6 {[%emt 0:07:00] A57: Benko/Volga Gambit} (10. e4 Nxe4 11. dxe6 dxe6 12. Bb5+ Bc6 13. Bxc6+ Qxc6 14. Nf3 Nxd2 15. Qxd2 Be7 16. O-O O-O 17. Rad1 Bf6 18. Rfe1 Qb6 {½-½ (49) Aronian,L (2786)-Bareev,E (2634) Moscow 2009}) 10... fxe6 $146 ({Predecessor:} 10... Bxg2 11. exf7+ Kd8 12. f3 Bxh1 13. Kf2 Qd6 14. e4 Qxh2+ 15. Ke3 Nc6 16. Nd5 Nxd5+ 17. Bxd5 c4 18. Bxc4 {0-1 (28) Coursaget,N (2327)-Volodin,A (2422) Agneaux 2010}) 11. Nf3 Be7 12. O-O O-O 13. Be2 Nc6 14. b3 Rfb8 15. Na4 Qa7 16. Bc3 d5 17. Rc1 Ne4 18. Ba1 Ba6 19. Bxa6 Qxa6 20. Nd2 Nxd2 21. Qxd2 c4 22. bxc4 d4 23. Nb2 Qxa2 24. exd4 Bf6 25. d5 $17 (25. Qe3 $11 Nxd4 26. Na4) 25... Bxb2 26. Bxb2 Rxb2 27. Qe3 Nd8 28. Rfe1 Rb7 29. dxe6 Re7 30. Qc5 Qa7 31. Qd5 Rc8 32. c5 Nc6 33. Rcd1 Qc7 34. Qd6 h6 35. h3 Nb4 36. Re4 Nc6 37. Rd5 Kh7 38. Rf5 Rd8 39. Rd5 Rxd6 40. cxd6 Qb7 41. dxe7 Nxe7 42. Rdd4 Qc7 43. Re1 Qc3 44. Rdd1 Kg6 45. Re3 Qc2 46. Rd7 Qc5 47. Rf3 Nf5 48. g4 Nd4 49. Re3 Qc1+ 50. Kh2 Qf1 51. Rf7 Nxe6 52. Rf5 Nd4 53. Rf4 Ne2 54. Rxe2 Qxe2 55. Kg2 Qe5 56. Rf5 Qe4+ 57. Kg3 Qh1 58. h4 Qg1+ 59. Kf3 Qd1+ 60. Kg3 Qd6+ 61. Kh3 Kh7 62. h5 g6 63. hxg6+ Kxg6 64. f3 Qd2 65. Kg3 Qe1+ 66. Kg2 Qe2+ 67. Kg3 Qf1 68. Rh5 Qg1+ 69. Kf4 Qf2 70. Rf5 Qh2+ 71. Ke3 Qg3 72. Ke2 1/2-1/2

[Event "Turkish Club Cup 2019"]
[Site "Konya"]
[Date "2019.07.17"]
[Round "2"]
[White "Atas, Yunus"]
[Black "Bozdemir, Yusuf"]
[Result "1-0"]
[ECO "D02"]
[WhiteElo "1876"]
[BlackElo "1637"]
[Annotator "NA"]
[PlyCount "149"]
[EventDate "2019.07.16"]
[EventType "team-tourn"]
[EventCountry "TUR"]
[SourceTitle "playchess.com"]
[Source "ChessBase"]
[SourceQuality "1"]
[TimeControl "5400+30"]

1. d4 d5 2. Bf4 Nf6 3. e3 c5 4. c3 Nc6 5. Nf3 Qb6 6. Qb3 c4 7. Qc2 Bf5 8. Qc1 e6 9. Nbd2 h6 {[%emt 0:00:30] D02: 1 d4 d5 2 Nf3 sidelines, including 2...Nf6 3 g3 and 2...Nf6 3 Bf4} (9... Qd8 10. h3 h6 11. Be2 Be7 12. O-O O-O 13. Bd1 b5 14. Bc2 Bxc2 15. Qxc2 Bd6 16. Bxd6 Qxd6 17. e4 dxe4 18. Nxe4 Nxe4 19. Qxe4 Qd5 20. Qxd5 exd5 {1-0 (51) Nisipeanu,L (2674)-Parligras,M (2645) Bucharest 2018}) 10. h3 Ne4 11. Nxe4 Bxe4 12. Nd2 Bh7 13. Be2 $146 ({Predecessor:} 13. e4 Bxe4 14. Nxe4 dxe4 15. Bxc4 Rc8 16. O-O Na5 17. Be2 {0-1 (42) Barva,A (2225)-Dupsky,L (2305) Paks 1994}) 13... Qd8 14. b3 b5 15. O-O Be7 16. a4 a6 17. Qb2 O-O 18. axb5 axb5 19. Rxa8 Qxa8 20. Ra1 Qc8 21. bxc4 bxc4 22. Bf3 Rd8 23. Qb5 Qd7 24. Qb6 Bd3 25. e4 Bg5 26. Bxg5 hxg5 27. Ra6 $14 (27. Qc5 $16) 27... Rc8 28. Qb5 dxe4 29. Bxe4 Nb8 30. Qxd7 Nxd7 31. Bxd3 cxd3 32. c4 Rd8 33. Rd6 Kf8 34. f3 Ke7 35. c5 e5 36. dxe5 Nxc5 37. Rxd8 Kxd8 38. Kf2 Kd7 39. Ke3 Ke6 40. Kd4 Nd7 41. Kxd3 Nxe5+ 42. Ke3 f5 43. Nb3 Nc4+ 44. Kd4 Ne5 45. Nc5+ Kf6 46. Ke3 Nc4+ 47. Ke2 Ne5 48. g3 Nc6 49. Ke3 Ne5 50. Nd3 Nc4+ 51. Kd4 Nd6 52. Kc5 Nf7 53. Kd5 Nh6 54. Ne5 g4 55. fxg4 fxg4 56. h4 Kf5 57. Nc4 Kf6 58. Ke4 Nf7 59. Ne3 Ne5 60. Kf4 Nf7 61. Nxg4+ Ke6 62. h5 Nd6 63. Ne3 Kf6 64. g4 Nf7 65. Nd5+ Ke6 66. Nc7+ Kf6 67. Ne8+ Ke7 68. Nxg7 Kf8 69. Nf5 Kg8 70. g5 Kh8 71. g6 Nd8 72. Ke5 Nc6+ 73. Kf6 Nd8 74. g7+ Kh7 75. Ne7 1-0

[Event "Turkish Club Cup 2019"]
[Site "Konya"]
[Date "2019.07.17"]
[Round "2"]
[White "Subasi, Cagrican"]
[Black "Yildiz, Tunahan"]
[Result "1-0"]
[ECO "E45"]
[WhiteElo "1871"]
[BlackElo "1719"]
[Annotator "NA"]
[PlyCount "100"]
[EventDate "2019.07.16"]
[EventType "team-tourn"]
[EventCountry "TUR"]
[SourceTitle "playchess.com"]
[Source "ChessBase"]
[SourceQuality "1"]
[TimeControl "5400+30"]

1. d4 Nf6 2. c4 e6 3. Nc3 Bb4 4. e3 b6 5. Nge2 Ba6 6. a3 Bxc3+ 7. Nxc3 d5 8. Bd2 dxc4 9. Be2 O-O 10. O-O Qd7 11. Rc1 Bb7 12. Re1 Rd8 13. Qc2 c5 14. dxc5 Na6 15. c6 Qxc6 16. Bf3 Qd7 17. Bxb7 Qxb7 18. Nb1 Nc5 19. Re2 Nb3 20. Rf1 Qe4 21. Bc3 Qxc2 22. Rxc2 Ne4 23. a4 Nxc3 24. Rxc3 Rac8 25. Na3 Nd2 26. Re1 Rd3 27. Rc2 a6 28. f3 Rc5 29. Re2 Nb3 30. Nxc4 Rd1+ 31. Kf2 Rc1 32. Rxc1 Nxc1 33. Rd2 h6 34. Nxb6 Nb3 35. Rd8+ Kh7 36. Rb8 Rc2+ 37. Kg3 Rxb2 38. Nd7 Rb1 39. Nf8+ Kg8 40. Nxe6+ Kh7 41. Nc5 Nd2 42. Rxb1 Nxb1 43. Nxa6 Nc3 44. Nc5 Kg6 45. a5 Kf5 46. a6 Nb5 47. Nb3 Ke5 48. Nd4 Na7 49. h4 h5 50. Kf2 Kd5 1-0

[Event "Turkish Club Cup 2019"]
[Site "Konya"]
[Date "2019.07.17"]
[Round "2"]
[White "Ozoglu, Berker"]
[Black "Yenicirak, Gokdeniz Ege"]
[Result "1-0"]
[ECO "B24"]
[WhiteElo "1854"]
[BlackElo "1636"]
[Annotator "NA"]
[PlyCount "83"]
[EventDate "2019.07.16"]
[EventType "team-tourn"]
[EventCountry "TUR"]
[SourceTitle "playchess.com"]
[Source "ChessBase"]
[SourceQuality "1"]
[TimeControl "5400+30"]

1. e4 c5 2. Nc3 d6 3. g3 Nf6 4. Bg2 e6 5. d3 Nc6 6. Nge2 Rb8 7. a4 a6 8. f4 Be7 9. O-O d5 10. e5 Nd7 11. Kh1 b5 12. axb5 axb5 13. Ng1 b4 14. Nce2 Bb7 15. c3 d4 16. c4 Qc7 17. g4 Na5 18. Nf3 h5 19. gxh5 Rxh5 20. Ng3 Rh8 21. Qe2 Nb3 22. Rb1 Nxc1 23. Rbxc1 Bh4 24. Ne4 Bxe4 25. Qxe4 g6 26. Kg1 Be7 27. Ra1 Nb6 28. Ra6 Kd7 29. Rfa1 Nc8 30. Nd2 Rh4 31. Rc6 Qd8 32. Rxc5 Ke8 33. Rb5 Rxb5 34. cxb5 Nb6 35. Qc6+ Kf8 36. Ra6 Kg7 37. Qxb6 Qh8 38. Qb7 Rxf4 39. Qxe7 Qh5 40. Nf3 Rxf3 41. Bxf3 Qxf3 42. Qf6+ 1-0

[Event "Turkish Club Cup 2019"]
[Site "Konya"]
[Date "2019.07.17"]
[Round "2"]
[White "Sahinoglu, Hakan"]
[Black "Guner, Sati Emre"]
[Result "1/2-1/2"]
[ECO "D78"]
[WhiteElo "1844"]
[BlackElo "1912"]
[Annotator "NA"]
[PlyCount "111"]
[EventDate "2019.07.16"]
[EventType "team-tourn"]
[EventCountry "TUR"]
[SourceTitle "playchess.com"]
[Source "ChessBase"]
[SourceQuality "1"]
[TimeControl "5400+30"]

1. d4 d5 2. Nf3 Nf6 3. c4 c6 4. g3 g6 5. Bg2 Bg7 6. O-O dxc4 7. Nbd2 O-O 8. Nxc4 Be6 9. Nce5 Bd5 10. Qc2 Na6 11. a3 Nc7 12. Rd1 Ne6 13. b4 Qb6 14. Bb2 Rfd8 15. Bh3 Nc7 16. Nc4 Bxc4 17. Qxc4 a5 18. Ne5 $11 e6 19. Bc3 axb4 20. Bxb4 Nfd5 21. Be1 Nb5 22. e3 Nxa3 23. Qd3 Bxe5 24. Rxa3 Rxa3 25. Qxa3 Bd6 26. Qa4 Qb2 27. Bf1 Nc3 28. Qa5 Nxd1 29. Qxd8+ Bf8 30. Qf6 Nc3 31. h4 c5 32. h5 Nd5 33. Qh4 cxd4 34. exd4 Qc1 35. hxg6 hxg6 36. Qe4 Bg7 37. Bh3 Nc3 38. Qe3 Qxe3 39. fxe3 Nd1 40. Bf2 Bh6 41. e4 Be3 42. Bxe3 Nxe3 43. Kf2 Nc4 44. Bf1 Nd6 45. Ke3 Kf8 46. g4 Ke7 47. e5 Ne8 48. Bg2 b6 49. d5 exd5 50. Bxd5 Nc7 51. Ba2 Ne6 52. Ke4 f6 53. exf6+ Kxf6 54. Kd5 Nf4+ 55. Kc6 Kg5 56. Bf7 1/2-1/2

[Event "Turkish Club Cup 2019"]
[Site "Konya"]
[Date "2019.07.17"]
[Round "2"]
[White "Yorgun, Yaren Naz"]
[Black "Aslan, Rengin"]
[Result "1-0"]
[ECO "C54"]
[WhiteElo "1819"]
[BlackElo "1338"]
[Annotator "NA"]
[PlyCount "91"]
[EventDate "2019.07.16"]
[EventType "team-tourn"]
[EventCountry "TUR"]
[SourceTitle "playchess.com"]
[Source "ChessBase"]
[SourceQuality "1"]
[TimeControl "5400+30"]

1. e4 e5 2. Nf3 Nc6 3. Bc4 Bc5 4. c3 Nf6 5. d4 exd4 6. e5 d5 7. Bb5 Ne4 8. cxd4 Bb6 9. Nc3 O-O 10. Be3 Bg4 11. h3 Bh5 12. Qc2 Bg6 13. Qb3 Ba5 14. O-O Bxc3 15. bxc3 Ne7 16. Bg5 c6 17. Be2 Qd7 18. Bxe7 Qxe7 19. a4 f6 20. c4 Rad8 21. Rad1 Kh8 22. c5 Bh5 23. Qe3 Bxf3 24. Bxf3 fxe5 25. Bxe4 dxe4 26. Qxe4 Rde8 27. Rde1 Rf4 28. Qxf4 exf4 29. Rxe7 Rxe7 30. Rb1 Kg8 31. g3 f3 32. g4 Kf8 33. Kh2 Rf7 34. Kg3 h6 35. Rb3 g6 36. Rxf3 Rxf3+ 37. Kxf3 Ke7 38. Ke4 Ke6 39. f4 h5 40. a5 a6 41. gxh5 gxh5 42. f5+ Kf6 43. Kf4 h4 44. Kg4 Kf7 45. Kxh4 Kf6 46. Kg4 1-0